 Dungeon Crawl Stone Soup version 0.17-a0-2074-gaf3f87d (webtiles) character file.

487 Maka the Cudgeler (level 6, 0/55 HPs)
             Began as a Deep Dwarf Fighter on Oct 15, 2015.
             Was an Initiate of Makhleb.
             Slain by Prince Ribbit (7 damage)
             ... on level 5 of the Dungeon.
             The game lasted 00:08:19 (3410 turns).

Maka the Cudgeler (Deep Dwarf Fighter)              Turns: 3410, Time: 00:08:19

Health: 0/55       AC: 11    Str: 19    XL:     6   Next: 89%
Magic:  6/6        EV:  7    Int:  9    God:    Makhleb [......]
Gold:   134        SH:  9    Dex: 14    Spells: 0 memorised, 5 levels left

rFire  . . .     SeeInvis .     a - +1 flail
rCold  . . .     Clarity  .     b - +0 scale mail
rNeg   . . .     SustAt   .     c - +0 shield
rPois  .         Gourm    +     p - +0 helmet
rElec  .         Spirit   .     v - +0 cloak
rCorr  .         Warding  .     m - +1 pair of gloves
rMut   .         Stasis   .     (no boots)
MR     .....                    l - amulet of the gourmand
Stlth  ..........               (no ring)
                                (no ring)

@: non-regenerating, not resistant to hostile enchantments, extremely unstealthy
A: damage resistance, recharge devices, sense surroundings 1, slow regeneration
3
a: Device Recharging, Renounce Religion


You were on level 5 of the Dungeon.
You worshipped Makhleb.
Makhleb was noncommittal.
You were not hungry.

You visited 1 branch of the dungeon, and saw 5 of its levels.

You collected 134 gold pieces.

Inventory:

Hand Weapons
 a - a +1 flail (weapon)
Missiles
 o - 2 throwing nets (quivered)
Armour
 b - a +0 scale mail (worn)
 c - a +0 shield (worn)
 m - a +1 pair of gloves (worn)
 p - a +0 helmet (worn)
 v - a +0 cloak (worn)
Jewellery
 k - an uncursed amulet of stasis {unknown}
 l - an amulet of the gourmand (around neck)
Wands
 Z - a wand of heal wounds (3)
Scrolls
 j - 2 scrolls of enchant weapon
 q - 2 scrolls of identify
 s - a scroll of remove curse {unknown}
Potions
 d - a potion of might
 e - a potion of cure mutation {unknown}
 g - 2 potions of brilliance
 h - a potion of lignification {unknown}
 r - a potion of agility {unknown}
 t - 2 potions of heal wounds {unknown}
 u - a potion of flight {unknown}
Comestibles
 f - 6 bread rations
 i - 3 meat rations
 n - a slice of pizza
 w - a fruit


   Skills:
 - Level 2.6 Fighting
 - Level 7.2 Maces & Flails
 + Level 3.9 Armour
 - Level 3.2 Shields


You had 5 spell levels left.
You didn't know any spells.

Dungeon Overview and Level Annotations

Branches:
Dungeon (5/15)
 Temple: D:4-7

Altars:
Cheibriados
Makhleb
Okawaru
Ru
Sif Muna
Vehumet
Xom
Yredelemnul
Zin
The Shining One

Annotations:
D:3 Mulkerokala's ghost, amateur DrFE
D:5 Prince Ribbit


Innate Abilities, Weirdness & Mutations

You are resistant to damage.
You can recharge devices by infusing magical energy.
You passively map a small area around you.
You do not regenerate naturally.


Message History

Prince Ribbit momentarily phases out as your attack passes through him.
Prince Ribbit is lightly wounded.
Prince Ribbit hits you but does no damage.
You thump Prince Ribbit!
Prince Ribbit is heavily wounded.
Prince Ribbit hits you!
* * * LOW HITPOINT WARNING * * *
Prince Ribbit blinks!
Prince Ribbit momentarily phases out as your attack passes through him.
Prince Ribbit is heavily wounded.
Prince Ribbit barely misses you. Prince Ribbit hits you.
You sock Prince Ribbit!
Prince Ribbit is severely wounded.
Prince Ribbit casts a spell.
Prince Ribbit looks slightly unstable.
Prince Ribbit hits you!
* * * LOW HITPOINT WARNING * * *
You hit Prince Ribbit.
Prince Ribbit is almost dead.
Prince Ribbit hits you!
You die...

#......####.##.#
######## #.##.# #, ,
#.##.# # * #.##.# #
,.,#,#.##.#
#######.#.#.##.#########
..............^>......>#
........#............#*
##.###. #......F@....#
.# #...............# #
#####.....(...[.# , ,,,
..............# *
###...........#
############# * ,


You could see Prince Ribbit.

Vanquished Creatures
  Duvessa (D:4)
  An ogre (D:4)
  Dowan (D:4)
  An orc wizard (D:3)
  A gnoll shaman (D:4)
  7 gnolls
  6 adders
  An ooze (D:3)
  5 worms
  3 giant geckos
  An orc (D:2)
  6 goblins
  6 hobgoblins
  8 kobolds
  A quokka (D:3)
  9 bats
  3 giant cockroaches
  4 giant newts
  A quokka skeleton (D:4)
  20 rats
  A bush (D:1)
87 creatures vanquished.

Notes
Turn   | Place    | Note
--------------------------------------------------------------
     0 | D:1      | Maka the Deep Dwarf Fighter began the quest for the Orb.
     0 | D:1      | Reached XP level 1. HP: 20/20 MP: 1/1
    72 | D:1      | Reached XP level 2. HP: 24/27 MP: 2/2
  1092 | D:2      | Reached XP level 3. HP: 23/33 MP: 3/3
  1353 | D:2      | Reached skill level 4 in Maces & Flails
  1370 | D:2      | Reached XP level 4. HP: 30/40 MP: 4/4
  1760 | D:2      | Found an iron altar of Okawaru.
  1760 | D:2      | Found a basalt altar of Yredelemnul.
  2016 | D:3      | Reached skill level 5 in Maces & Flails
  2041 | D:3      | Found a glowing golden altar of the Shining One.
  2042 | D:3      | Found a snail-covered altar of Cheibriados.
  2044 | D:3      | Found a radiant altar of Vehumet.
  2092 | D:3      | Found a sacrificial altar of Ru.
  2102 | D:3      | Reached XP level 5. HP: 16/46 MP: 5/5
  2343 | D:3      | Noticed Mulkerokala's ghost (amateur DrFE)
  2460 | D:3      | Found a deep blue altar of Sif Muna.
  2768 | D:4      | Noticed Dowan
  2769 | D:4      | Noticed Duvessa
  2807 | D:4      | Killed Dowan
  2807 | D:4      | Reached skill level 6 in Maces & Flails
  2885 | D:4      | Found a shimmering altar of Xom.
  2902 | D:4      | Noticed an ogre
  2924 | D:4      | Killed Duvessa
  2924 | D:4      | Reached XP level 6. HP: 22/55 MP: 6/6
  2930 | D:4      | Killed an ogre
  2930 | D:4      | Reached skill level 7 in Maces & Flails
  3120 | D:5      | Entered Level 5 of the Dungeon
  3145 | D:5      | Noticed Prince Ribbit
  3199 | D:5      | Found a glowing silver altar of Zin.
  3199 | D:5      | Found a burning altar of Makhleb.
  3200 | D:5      | Noticed an Executioner
  3200 | D:5      | Noticed an angel
  3206 | D:5      | Became a worshipper of Makhleb the Destroyer
  3410 | D:5      | Slain by Prince Ribbit

Vault maps used:
D:1:      erik_arrival_orb_chamber, serial_forest, infiniplex_forest_end_2,
          infiniplex_forest_straight_5, infiniplex_forest_clump_small,
          infiniplex_forest_clump_tiny, infiniplex_forest_corner_2,
          infiniplex_forest_straight_2, infiniplex_forest_lined_3,
          infiniplex_forest_lined_ring
D:2:      gammafunk_temple_overflow_statue, first_bread
D:3:      lemuel_round_altar, minitemple, nicolae_ru_great_annihilating_truth,
          serial_bayou_pond_b
D:4:      xom_teletrap_fun, uniq_natasha, uniq_duvessa
D:5:      grunt_temple_overflow_order_and_chaos_2, uniq_prince_ribbit1,
          uniq_blork_the_orc, uniq_eustachio

Action                   |  1- 3 |  4- 6 || total
-------------------------+-------+-------++-------
Melee: Flail             |   145 |   232 ||   377
Evoke: Wand              |     1 |     5 ||     6
  Use: Scroll            |       |     7 ||     7
  Eat: Chunk             |     1 |    12 ||    13
